 Dungeon Crawl Stone Soup version 0.31-a0-1074-g0b22e4e0f1 (webtiles) character file.

Game seed: 12313532276483949431

251 Lobster4 the Firebug (level 6, -7/48 HPs)
             Began as a Hill Orc Fire Elementalist on Dec 5, 2023.
             Mangled by a sleepcap (13 damage)
             ... on level 4 of the Dungeon.
             The game lasted 00:07:01 (3855 turns).

Lobster4 the Firebug (Hill Orc Fire Elementalist)   Turns: 3855, Time: 00:07:01

Health: -7/48      AC:  2    Str: 11    XL:     6   Next: 13%
Magic:  7/9        EV:  2    Int: 17    God:
Gold:   170        SH:  0    Dex: 11    Spells: 6/9 levels left

rFire   . . .        p - +0 dagger (venom)
rCold   . . .        (no shield)
rNeg    . . .        a - +0 robe
rPois   .            (no helmet)
rElec   .            (no cloak)
rCorr   .            (no gloves)
SInv    .            (no boots)
Will    +....        r - amulet of reflection
Stlth   ++           m - ring of willpower
HPRegen 0.28/turn    s - ring of flight
MPRegen 0.11/turn

%: reflection
@: sleeping, flying
A: no striking features
a: no special abilities


You were on level 4 of the Dungeon.
You visited 1 branch of the dungeon, and saw 4 of its levels.

You collected 170 gold pieces.

Inventory:

Hand Weapons
 c - a +0 whip
 p - a +0 dagger of venom (weapon)
Missiles
 i - 25 stones
 k - 27 poisoned darts (quivered)
Armour
 a - a +0 robe (worn)
 d - a +0 leather armour
 f - a +0 ring mail
Jewellery
 m - a ring of willpower (left hand)
 r - an amulet of reflection (around neck)
 s - a ring of flight (right hand)
Talismans
 o - a serpent talisman
Scrolls
 e - a scroll of silence {unknown}
 g - a scroll of torment {unknown}
 l - 2 scrolls of poison {unknown}
 n - a scroll of teleportation {unknown}
Potions
 h - 3 potions of haste {unknown}
 q - 2 potions of might {unknown}
 t - 2 potions of curing {unknown}


   Skills:
 - Level 2.0 Fighting
 - Level 1.0 Throwing
 - Level 2.0 Armour
 - Level 2.0 Dodging
 - Level 1.5 Stealth
 + Level 2.3 Spellcasting
 + Level 2.2 Conjurations
 * Level 5.1 Fire Magic


You had 6 spell levels left.
You knew the following spells:

 Your Spells              Type           Power      Damage    Failure   Level
a - Foxfire               Conj/Fire      56%        2x1d6     4%          1
b - Scorch                Fire           38%        2d6       3%          2

Your spell library contained the following spells:

 Spells                   Type           Power      Damage    Failure   Level
 Inner Flame              Hex/Fire       10%        N/A       21%         3
 Volatile Blastmotes      Fire/Tloc      20%        2d11      21%         3
 Flame Wave               Conj/Fire      14%        2d6       38%         4


Dungeon Overview and Level Annotations

Branches:
Dungeon (4/15)
 Temple: D:4-7

Altars:
Hepliaklqana
Yredelemnul

Annotations:
D:4 3 runed translucent doors


Message History

The sleepcap is moderately damaged.
The foxfire hits the sleepcap.
The sleepcap is moderately damaged.
The sleepcap releases spores at you.
You are engulfed in a cloud of soporific spores!
You fall asleep.
The sleepcap is no longer more vulnerable to fire.
The sleepcap releases spores at you!!
You wake up.
Unknown command.
You hit the sleepcap.
The sleepcap is moderately damaged.
The sleepcap releases spores at you.
Casting: Scorch (safe; 3% risk of failure)
Confirm with . or Enter, or press ? or * to list all spells.
You conjure some foxfire!
The sleepcap closely misses you.
Unknown command.
Casting: Foxfire (safe; 4% risk of failure)
Confirm with . or Enter, or press ? or * to list all spells.
You don't have enough magic to cast this spell.
You hit the sleepcap but do no damage.
The sleepcap is moderately damaged.
The foxfire hits the sleepcap but does no damage.
The sleepcap is moderately damaged.
The foxfire hits the sleepcap but does no damage.
The sleepcap is moderately damaged.
The sleepcap releases spores at you. Magic courses through your body.
The sleepcap releases spores at you.
* * * LOW HITPOINT WARNING * * *
Casting: Foxfire (safe; 4% risk of failure)
Confirm with . or Enter, or press ? or * to list all spells.
Flames lash the sleepcap.
The sleepcap is heavily damaged.
The sleepcap's fire resistance burns away.
The sleepcap releases spores at you.
* * * LOW HITPOINT WARNING * * *
You are engulfed in a cloud of soporific spores!
You fall asleep.
The sleepcap releases spores at you but does no damage.
The sleepcap releases spores at you!
You die...

#.#.........# #........#
...[.......... # ..#.....#
................ #.##.....
...######....#.####.#....##
##. #.###.#.##....#.##
#######.##.........#####
.................### ..
#..............# ##.
##...@.......#.## ..
#...f........#..# f.
#...............# #.
##..#........##.###
##.##...#.......#.....#
#..#...##......####..##
#......#....#.## #.##
##..#.##..)#### ###
##.#####..#


You could see a sleepcap (combustible).

Vanquished Creatures
  2 scorpions (D:4)
  An iguana (D:4)
  A gnoll (D:3)
  2 adders (D:4)
  2 worms
  3 dart slugs
  An orc (D:3)
  8 endoplasms
  3 giant cockroaches
  5 hobgoblins
  2 jackals (D:4)
  A quokka (D:2)
  6 ball pythons
  7 bats
  3 frilled lizards
  7 goblins
  8 kobolds
  6 rats
68 creatures vanquished.

Vanquished Creatures (others)
  205 foxfires
205 creatures vanquished.

Grand Total: 273 creatures vanquished

Notes
Turn   | Place    | Note
-------+----------+-------------------------------------------
     0 | D:1      | Lobster4 the Hill Orc Fire Elementalist began the quest for
                  | the Orb.
     0 | D:1      | Reached XP level 1. HP: 14/14 MP: 3/3
   294 | D:1      | Reached XP level 2. HP: 22/22 MP: 1/4
   551 | D:1      | Reached skill level 1 in Fighting
   992 | D:1      | Learned a level 2 spell: Scorch
  1275 | D:2      | Reached XP level 3. HP: 18/28 MP: 0/5
  2216 | D:3      | Reached skill level 4 in Fire Magic
  2218 | D:3      | Reached skill level 1 in Armour
  2218 | D:3      | Reached XP level 4. HP: 24/35 MP: 1/6
  2609 | D:3      | Found a hazy altar of Hepliaklqana.
  2620 | D:3      | Found a basalt altar of Yredelemnul.
  2928 | D:3      | Found a faded altar of an unknown god.
  3177 | D:4      | Noticed a scorpion
  3187 | D:4      | Found a runed translucent gate.
  3187 | D:4      | Found a runed translucent gate.
  3187 | D:4      | Found a runed translucent gate.
  3246 | D:4      | Noticed a scorpion
  3255 | D:4      | Killed a scorpion
  3256 | D:4      | Reached XP level 5. HP: 39/41 MP: 0/8
  3413 | D:4      | Reached skill level 1 in Throwing
  3421 | D:4      | Reached XP level 6. HP: 48/48 MP: 2/9
  3685 | D:4      | Reached skill level 5 in Fire Magic
  3855 | D:4      | Mangled by a sleepcap

Illustrated notes

Levels and vault maps discovered:
D:1:      scummos_arrival_forest, layout_loops_ring
D:2:      layout_basic
D:3:      minmay_angry_zag, layout_loops_cross, amethyst_overflow_temple_binary,
          basic_ecumenical_altar
D:4:      layout_cave_pools, gammafunk_ghost_icy, minmay_misc_feat_roman

Skill      XL: |  1  2  3  4  5  6 |
---------------+-------------------+-----
Fighting       | 1 2 |  2.0
Fire Magic     | 4 5 |  5.1
Armour         | 1 2 |  2.0
Dodging        | 2 |  2.0
Spellcasting   | 2 |  2.3
Throwing       | 1 |  1.0
Conjurations   | 2 |  2.2
Stealth        | |  1.5

Action                     |  1- 3 |  4- 6 || total
---------------------------+-------+-------++-------
  Melee: Whip              |    26 |     8 ||    34
         Punch             |     1 |       ||     1
         Dagger            |       |    15 ||    15
   Cast: Foxfire           |    78 |    60 ||   138
         Scorch            |     5 |     9 ||    14
    Use: Scroll            |       |     1 ||     1
         Potion            |       |     1 ||     1
   Stab: Sleeping          |       |     1 ||     1
 Armour: Robe              |    17 |    15 ||    32
  Dodge: Dodged            |    28 |    18 ||    46

Table legend: (Time is in decaauts)
 A = Elapsed time spent in this place.
 B = Non-inter-level travel time spent in this place.
 C = Inter-level travel time spent in this place.
 D = Time resting spent in this place.
 E = Time spent auto-exploring this place.
 F = Levels seen in this place.
 G = Mean time per level.
                   A        B        C        D        E       F      G
               +--------+--------+--------+--------+--------+-----+--------+
         Total |   3860 |   3692 |    168 |    258 |   2831 |   4 |  965.0 |
       Dungeon |   3860 |   3692 |    168 |    258 |   2831 |   4 |  965.0 |
               +--------+--------+--------+--------+--------+-----+--------+

Top non-repeatable levels by time:
     D:3: 1353 daAuts
     D:1: 1047 daAuts
     D:2: 938 daAuts
     D:4: 521 daAuts
